 Dungeon Crawl Stone Soup version 0.29.1-2-gbd0b4ee654 (webtiles) character file.

Game seed: 11810972009017861275

10878 safid the Marksminotaur (level 11, -11/97 HPs)
             Began as a Minotaur Hunter on Nov 9, 2022.
             Was an Elder of Okawaru.
             Mangled by a cyclops (21 damage)
             ... on level 10 of the Dungeon.
             The game lasted 00:27:46 (10381 turns).

safid the Marksminotaur (Minotaur Hunter)          Turns: 10381, Time: 00:27:46

Health: -11/97     AC: 12    Str: 16    XL:     11   Next: 42%
Magic:  12/12      EV: 22    Int:  6    God:    Okawaru [****..]
Gold:   19         SH:  0    Dex: 20    Spells: 10/10 levels left

rFire   + + .      SeeInvis .   y - +1 arbalest (vorpal)
rCold   x . .      Faith    .   (shield currently unavailable)
rNeg    . . .      Spirit   .   x - +2 leather armour {rF+}
rPois   +          Reflect  .   (helmet restricted)
rElec   .          Harm     .   h - +2 cloak {rCorr}
rCorr   +          Rampage  .   g - +0 pair of gloves
Will    .....                   K - +2 pair of boots {Stlth+}
Stlth   +++.......              (no amulet)
HPRegen 0.26/turn               J - ring of Nehes {rPois rC- EV+4 Dex+2}
MPRegen 0.13/turn               n - ring of protection from fire

@: about to teleport, studying Dodging
A: horns 2, retaliatory headbutt
a: Renounce Religion, Heroism, Finesse


You were on level 10 of the Dungeon.
You worshipped Okawaru.
Okawaru was greatly pleased with you.
You visited 2 branches of the dungeon, and saw 11 of its levels.

You collected 450 gold pieces.
You spent 431 gold pieces at shops.

Inventory:

Hand Weapons
 y - a +1 vorpal arbalest (weapon)
 G - a +0 longbow
Missiles
 d - 3 throwing nets
 o - 2 silver javelins
 C - a curare-tipped dart
Armour
 g - a +0 pair of gloves (worn)
 h - a +2 cloak of preservation (worn)
 x - a +2 leather armour of fire resistance (worn)
 K - a +2 pair of boots of stealth (worn)
Jewellery
 n - a ring of protection from fire (right hand)
 F - a ring of protection from fire
 J - the ring of Nehes (left hand) {rPois rC- EV+4 Dex+2}
   (You found it on level 10 of the Dungeon)

   [ring of evasion]

   EV:        It affects your evasion (+4).
   Dex:       It affects your dexterity (+2).
   rC:        It makes you vulnerable to cold.
   rPois:     It protects you from poison.
Wands
 q - a wand of polymorph (15)
 v - a wand of flame (20)
 z - a wand of mindburst (12)
 A - a wand of iceblast (20)
Scrolls
 f - a scroll of teleportation
 k - a scroll of enchant weapon {unknown}
 m - 4 scrolls of enchant armour
 p - a scroll of magic mapping
 r - a scroll of brand weapon {unknown}
 D - 2 scrolls of fear
 I - a scroll of vulnerability {unknown}
Potions
 a - a potion of haste
 b - a potion of cancellation
 c - a potion of resistance {unknown}
 i - 2 potions of curing
 j - 2 potions of flight
 s - a potion of ambrosia
 t - 2 potions of attraction {unknown}
 u - a potion of brilliance {unknown}
 w - a potion of invisibility {unknown}
 B - a potion of magic {unknown}
 E - a potion of might
Miscellaneous
 H - a lightning rod (4/4)


   Skills:
 + Level 9.2 Fighting
 + Level 16.6 Ranged Weapons
 + Level 9.8 Dodging
 - Level 0.7 Stealth
 + Level 3.4 Invocations


You had 10 spell levels left.
You didn't know any spells.
Your spell library contained the following spells:

 Spells                   Type           Power      Damage    Failure   Level
 Apportation              Tloc           0%         N/A       52%         1
 Beastly Appendage        Tmut           0%         N/A       52%         1
 Necrotise                Necr           0%         1d4       52%         1
 Ensorcelled Hibernation  Hex/Ice        0%         N/A       67%         2
 Wereblood                Tmut           0%         N/A       67%         2
 Conjure Flame            Conj/Fire      0%         6-21      88%         3
 Ignite Poison            Fire/Tmut/Pois 0%         N/A       88%         3
 Spider Form              Tmut/Pois      0%         N/A       88%         3
 Anguish                  Hex/Necr       0%         N/A       99%         4
 Sticky Flame             Conj/Fire      0%         2d3       99%         4
 Borgnjor's Vile Clutch   Necr/Erth      0%         N/A       100%        5
 Summon Small Mammal      Summ           Unusable   N/A       N/A         1
 Animate Armour           Summ/Erth      Unusable   N/A       N/A         4

Dungeon Overview and Level Annotations

Branches:
Dungeon (10/15)            Temple (1/1) D:7
   Lair: D:8-11         Orc: D:9-12

Altars:
Ashenzari
Cheibriados
Dithmenos
Elyvilon
Fedhas
Gozag
Hepliaklqana
Kikubaaqudgha
Makhleb
Nemelex Xobeh
Okawaru
Qazlal
Ru
Sif Muna
Trog
Uskayaw
Vehumet
Wu Jian
Xom
Yredelemnul
Zin
The Shining One

Shops:
D:3 (   D:4 *   D:5 ***!   D:8 =

Annotations:
D:3 2 transporters
D:9 1 runed translucent door, lambentLogic's ghost, journeyman KoEn


Innate Abilities, Weirdness & Mutations

You have a pair of horns on your head.
You reflexively headbutt those who attack you in melee.


Message History

The wizard freezes you! The orc wizard closely misses you.
Okay, then.
As you read the scroll of fear, it crumbles to dust.
You assume a fearsome visage.
The orc wizard looks frightened!
The wizard resists with almost no effort.
The orc priest looks frightened!
The orc looks frightened!
The wizard barely misses you.
The orc wizard casts a spell.
The orc wizard flickers and vanishes!
Deactivating autopickup; reactivate with Ctrl-A.
Fire: y) +1 arbalest (vorpal)
Press: ? - help, Q - select action, (/) - cycle Shift-Dir - straight line, f/p - wizard
Aim: a wizard, wielding a staff of cold and wearing a +0 robe (strong, 63% to hit)
You shoot a bolt. The bolt hits the wizard!!
The wizard is heavily wounded.
The wizard mumbles some strange words.
The wizard flickers and vanishes!
An orc priest comes into view. It is wielding a +0 hand axe.
A cyclops and an orc wizard come into view.
The cyclops throws a large rock.
Reactivating autopickup.
The orc priest barely misses you.
Things that are here:
a +0 dagger; a +0 robe; an orc corpse
As you read the scroll of teleportation, it crumbles to dust.
You feel strangely unstable. The orc priest closely misses you.
Something hits you.
Deactivating autopickup; reactivate with Ctrl-A.
The cyclops hits you!
* * * LOW HITPOINT WARNING * * *
Unknown command.
You clumsily bash something but do no damage.
The sentinel's mark upon you fades away.
Something hits you!
* * * LOW HITPOINT WARNING * * *
Something freezes you.
* * * LOW HITPOINT WARNING * * *
The orc priest hits you but does no damage.
The cyclops hits you!!
You die...

# #....)..## ## .#
####.###)###.## ...
## #.#. #[#.#.#..# ..
#.##.##...##.##.#
#.........).....#
#.##.##..=##)##.#
######.#. #[#[#[#..#
..
.......##.###.###.##
...
.[<.....##...WoC@##
.. .........##.#y#o##
#
..........###.###...
.....................
##########..####...#.
#..# #... ...... .P
........ ...########


You could see a cyclops, a wraith, a killer bee, an orc priest and an orc
wizard.

Vanquished Creatures
  Harold (D:10)
  A centaur warrior (D:10)
  2 two-headed ogres
  2 orc knights (D:10)
  A manticore (D:9)
  2 ugly things
  A cyclops (D:10)
  A kobold demonologist (D:10)
  A troll (D:9)
  A meliai (D:10)
  Prince Ribbit (D:8)
  2 shadows (D:10)
  A wraith (D:10)
  5 yaks
  Eustachio (D:5)
  3 steam dragons
  Edmund (D:5)
  An acid dragon (D:10)
  A water moccasin (D:9)
  A black bear (D:6)
  2 orc warriors
  A sky beast (D:6)
  3 ice beasts
  5 centaurs
  3 kobold brigands
  4 bullfrogs
  4 necrophages (D:6)
  A gnoll sergeant (D:10)
  A scorpion (D:10)
  3 wights (D:8)
  A killer bee (D:10)
  A jelly (D:4)
  5 howler monkeys
  3 hounds
  3 orc priests
  2 gnoll boudas
  3 iguanas
  Jessica (D:2)
  11 orc wizards
  4 adders
  13 gnolls
  A shadow imp (D:6)
  5 white imps
  4 worms
  3 dart slugs
  22 orcs
  4 ball pythons
  7 bats
  8 endoplasms
  4 giant cockroaches
  16 goblins
  8 hobgoblins
  2 jackals (D:4)
  14 kobolds
  5 quokkas
  A frilled lizard (D:2)
  4 rats
212 creatures vanquished.

Vanquished Creatures (others)
  An orc wizard (D:10)
  A kobold (D:8)
  10 fungi (D:10)
  18 plants
  2 withered plants (D:9)
32 creatures vanquished.

Grand Total: 244 creatures vanquished

Notes
Turn   | Place    | Note
-------+----------+-------------------------------------------
     0 | D:1      | safid the Minotaur Hunter began the quest for the Orb.
     0 | D:1      | Reached XP level 1. HP: 18/18 MP: 0/0
   168 | D:1      | Reached XP level 2. HP: 26/26 MP: 1/1
   734 | D:1      | Reached XP level 3. HP: 31/31 MP: 2/2
   754 | D:1      | Found a faded altar of an unknown god.
   821 | D:2      | Reached skill level 5 in Ranged Weapons
  1000 | D:2      | Noticed Jessica
  1001 | D:2      | Killed Jessica
  1002 | D:2      | Reached XP level 4. HP: 40/40 MP: 3/3
  1467 | D:3      | Found a transporter.
  1467 | D:3      | Found an opulent altar of Gozag.
  1629 | D:3      | Found a transporter.
  1718 | D:3      | Reached XP level 5. HP: 36/47 MP: 4/4
  1894 | D:3      | Reached skill level 5 in Fighting
  1894 | D:3      | Reached skill level 6 in Ranged Weapons
  2220 | D:3      | Identified the +8 spear "Deuvav" {venom, Fly Str+4}
  2254 | D:3      | Found Roted's Weapon Shop.
  2527 | D:4      | You fall into a shaft and drop 1 floor!
  2527 | D:5      | Entered Level 5 of the Dungeon
  2544 | D:5      | Noticed an ice beast
  2780 | D:4      | Found a radiant altar of Vehumet.
  2803 | D:4      | Reached XP level 6. HP: 57/57 MP: 5/5
  3035 | D:4      | Found Icihy's Incredible Inventory.
  3042 | D:4      | Bought a scroll of identify for 28 gold pieces
  3095 | D:4      | Found an ancient bone altar of Kikubaaqudgha.
  3134 | D:5      | Noticed Eustachio
  3153 | D:5      | Killed Eustachio
  3156 | D:5      | Reached skill level 7 in Ranged Weapons
  3404 | D:5      | Found a blossoming altar of Fedhas.
  3535 | D:5      | Noticed Edmund
  3539 | D:5      | Noticed an orc warrior
  3541 | D:5      | Noticed an ice beast
  3904 | D:5      | Reached XP level 7. HP: 38/64 MP: 6/6
  4005 | D:5      | Killed Edmund
  4332 | D:4      | Reached skill level 8 in Ranged Weapons
  4577 | D:5      | HP: 2/67 [orc warrior/+0 trident (6)]
  5205 | D:5      | Reached XP level 8. HP: 32/74 MP: 7/7
  5400 | D:5      | Found Mawuisa's General Store.
  5407 | D:5      | Bought a +1 vorpal arbalest for 150 gold pieces
  5407 | D:5      | Bought a scroll of noise for 11 gold pieces
  5436 | D:5      | Found Luuptum's General Store.
  5437 | D:5      | Found Haowki's Specific Store.
  5450 | D:5      | Bought a scroll of identify for 22 gold pieces
  5567 | D:5      | Found Diaji Zoi's Distillery.
  5624 | D:5      | Identified a scroll of acquirement
  5632 | D:5      | Acquired a manual of Dodging
  5663 | D:6      | Reached skill level 9 in Ranged Weapons
  5750 | D:5      | Bought a potion of heal wounds for 55 gold pieces
  5786 | D:6      | Reached skill level 5 in Dodging
  5898 | D:6      | Reached skill level 10 in Ranged Weapons
  6272 | D:6      | Noticed a two-headed ogre
  6276 | D:6      | Killed a two-headed ogre
  6277 | D:6      | Reached skill level 11 in Ranged Weapons
  6277 | D:6      | Reached XP level 9. HP: 81/81 MP: 8/8
  6491 | D:7      | Reached skill level 12 in Ranged Weapons
  6726 | D:7      | Found a sparkling altar of Nemelex Xobeh.
  6746 | D:7      | Found a staircase to the Ecumenical Temple.
  6761 | Temple   | Entered the Ecumenical Temple
  6803 | Temple   | Became a worshipper of Warmaster Okawaru
  6989 | D:7      | Found a basalt altar of Yredelemnul.
  7020 | D:7      | Found a broken altar of Ashenzari.
  7166 | D:8      | Found a glowing golden altar of the Shining One.
  7170 | D:8      | Found a sacrificial altar of Ru.
  7224 | D:8      | Reached skill level 13 in Ranged Weapons
  7228 | D:8      | Found Xeunge's Jewellery Shop.
  7672 | D:8      | Noticed a two-headed ogre
  7700 | D:8      | Killed a two-headed ogre
  7700 | D:8      | Reached * piety under Okawaru
  7701 | D:8      | Reached XP level 10. HP: 86/88 MP: 9/9
  7843 | D:8      | Reached skill level 14 in Ranged Weapons
  7877 | D:8      | Noticed Prince Ribbit
  7881 | D:8      | Killed Prince Ribbit
  8201 | D:9      | Found a runed translucent door.
  8201 | D:9      | Noticed lambentLogic's ghost (journeyman KoEn)
  8337 | D:9      | Noticed a manticore
  8346 | D:9      | Killed a manticore
  8346 | D:9      | Reached ** piety under Okawaru
  8592 | D:9      | Reached skill level 15 in Ranged Weapons
  9082 | D:5      | Bought a potion of haste for 110 gold pieces
  9111 | D:5      | Bought a potion of heal wounds for 55 gold pieces
  9289 | D:10     | Entered Level 10 of the Dungeon
  9298 | D:10     | Noticed a sixfirhy
  9572 | D:10     | Noticed a cyan ugly thing
  9572 | D:10     | Noticed a green ugly thing
  9573 | D:10     | Noticed an orc knight
  9573 | D:10     | Noticed an orc knight
  9592 | D:9      | Killed a cyan ugly thing
  9593 | D:9      | Reached skill level 16 in Ranged Weapons
  9735 | D:10     | Noticed a centaur warrior
  9748 | D:10     | Killed a centaur warrior
  9748 | D:10     | Reached *** piety under Okawaru
  9749 | D:10     | Reached skill level 1 in Invocations
 10044 | D:10     | Killed an orc knight
 10045 | D:10     | Reached XP level 11. HP: 76/95 MP: 9/11
 10175 | D:10     | Reached **** piety under Okawaru
 10222 | D:10     | Noticed a wizard
 10258 | D:10     | Identified the ring of Nehes {rPois rC- EV+4 Dex+2}
 10259 | D:10     | Got the Exposition on Terrain
 10285 | D:10     | Killed an orc knight
 10329 | D:10     | Noticed Harold
 10336 | D:10     | Killed Harold
 10345 | D:10     | Killed a green ugly thing
 10381 | D:10     | Mangled by a cyclops

Illustrated notes

Levels and vault maps discovered:
D:1:      dpeg_arrival_pond, layout_loops_ring,
          shapermc_ecumenical_altar_mp_vishouse
D:2:      layout_basic, minmay_pentomino_t4, uniq_jessica
D:3:      layout_basic, gammafunk_temple_overflow_arena, serial_shops,
          nicolae_shop_stone
D:4:      layout_basic, kennysheep_mini, mainiacjoe_overflow_alcove_2,
          nicolae_alphabet_shops, grunt_ministairs_13
D:5:      layout_cave_pools, mainiacjoe_overflow_boulevard, serial_shops,
          shop_statue, nicolae_specific_store, kennysheep_small_circle,
          uniq_eustachio, uniq_edmund
D:6:      hellmonk_ruined_rings, layout_rooms, nicolae_figureground_sparkle
D:7:      layout_cave_pools, lemuel_coloured_pillars_altar, marbit_many_paths,
          nicolae_ashenzari_skybound, minmay_temple_entry_statues_fountains
D:8:      layout_basic, grunt_temple_overflow_open, kennysheep_small_square,
          uniq_prince_ribbit1
D:9:      layout_loops_ring, gammafunk_ghost_grave, billiards_dpeg
D:10:     minmay_the_grid_octo_triangle [minmay_the_grid_octo_empty,
          minmay_the_grid_octo_prize_square_snowflake,
          minmay_the_grid_octo_horde], layout_long_grid,
          grunt_lair_entry_orc_guard_hut, minmay_mirror_moons_of_madness,
          uniq_harold
Temple:   cyrus_circular_temple

Skill      XL: |  1  2  3  4  5  6  7  8  9 10 11 |
---------------+----------------------------------+-----
Fighting       | 3 4 5 6 8 9 |  9.2
Ranged Weapons | 5 6 7 8 11 13 16 | 16.6
Dodging        | 8 9 |  9.8
Invocations    | 1 3 |  3.4
Stealth        | |  0.7

Action                   |  1- 3 |  4- 6 |  7- 9 | 10-12 || total
-------------------------+-------+-------+-------+-------++-------
Melee: Arbalest          |       |       |       |     1 ||     1
 Fire: Shortbow          |    65 |   229 |    86 |       ||   380
       Arbalest          |       |       |   157 |   153 ||   310
  Use: Potion            |       |       |     2 |     5 ||     7
       Scroll            |       |       |    11 |     4 ||    15
Armor: Leather armour    |     6 |    20 |    20 |     9 ||    55
       Scale mail        |       |       |    33 |       ||    33
Dodge: Dodged            |    10 |    56 |   100 |    61 ||   227
